 Dungeon Crawl Stone Soup version 0.31-a0-232-gb1c03b2570 (webtiles) character file.

Game seed: 13732524124942318415

775 qw the Shooter (level 7, -6/44 HPs)
             Began as a Gargoyle Hexslinger on July 6, 2023.
             Mangled by a gnoll sergeant
             ... wielding a +2 spear of venom
              (9 damage)
             ... on level 6 of the Dungeon.
             The game lasted 00:01:39 (4204 turns).

qw the Shooter (Gargoyle Hexslinger)                Turns: 4204, Time: 00:01:39

Health: -6/44      AC: 16    Str: 11    XL:     7   Next: 84%
Magic:  8/8        EV: 10    Int: 14    God:
Gold:   316        SH:  0    Dex: 14    Spells: 7/8 levels left

rFire   . . .        Y - +2 sling (freeze)
rCold   . . .        (no shield)
rNeg    + . .        f - +0 ring mail
rPois   inf          (no helmet)
rElec   +            (no cloak)
rCorr   +            h - +0 pair of gloves
SInv    .            k - +0 pair of boots
Will    .....        (no amulet)
Stlth   +            e - ring of resist corrosion
HPRegen 0.27/turn    i - +4 ring of protection
MPRegen 0.11/turn

%: no passive effects
@: no status effects
A: sickness immunity, AC +4, negative energy resistance 1, electricity
resistance, torment resistance 1, petrification resistance
a: no special abilities


You were on level 6 of the Dungeon.
You visited 1 branch of the dungeon, and saw 6 of its levels.

You collected 316 gold pieces.


Innate Abilities, Weirdness & Mutations

You are immune to sickness and miasma.
Your stone body is resilient. (AC +4)
You are immune to poison.
You resist negative energy. (rN+)
You are resistant to electric shocks. (rElec)
You are resistant to unholy torment.
You are immune to petrification.


   Skills:
 - Level 4.7 Fighting
 - Level 7.2 Ranged Weapons
 + Level 1.6 Armour
 - Level 1.5 Dodging
 - Level 1.0 Spellcasting
 - Level 2.6 Hexes


You had 7 spell levels left.
You knew the following spells:

 Your Spells              Type           Power      Damage    Failure   Level
a - Slow                  Hex            32%        N/A       21%         1

Your spell library contained the following spells:

 Spells                   Type           Power      Damage    Failure   Level
 Inner Flame              Hex/Fire       4%         N/A       71%         3
 Portal Projectile        Hex/Tloc       8%         N/A       71%         3
 Cause Fear               Hex            4%         N/A       90%         4

Inventory:

Hand Weapons
 Y - a +2 sling of freezing (weapon)
Armour
 f - a +0 ring mail (worn)
 h - a +0 pair of gloves (worn)
 k - a +0 pair of boots (worn)
Jewellery
 d - the amulet "Hemeargh" {Harm Regen+ Dex+2}
   (You found it on level 2 of the Dungeon)

   [amulet of regeneration]

   Dex:       It affects your dexterity (+2).
   Regen:     It increases your rate of health regeneration.
   Harm:      It increases damage dealt and taken.
 e - a ring of resist corrosion (left hand)
 i - a +4 ring of protection (right hand)
Scrolls
 b - a scroll of identify
Potions
 a - 2 potions of might
 c - a potion of curing
 l - a potion of resistance {unknown}

Dungeon Overview and Level Annotations

Branches:
Dungeon (6/15)
 Temple: D:4-7

Altars:
Elyvilon
Hepliaklqana
Makhleb
Sif Muna
Yredelemnul
Zin


Message History

The gnoll sergeant hits you but does no damage.
The gnoll misses you.
You shoot a sling bullet. The sling bullet hits the gnoll!
The sling bullet freezes the gnoll.
The gnoll is severely wounded.
The gnoll sergeant completely misses you.
The gnoll hits you but does no damage.
You shoot a sling bullet.
The sling bullet barely misses the gnoll.
The gnoll hits you but does no damage.
The gnoll sergeant hits you from afar with a +2 spear of venom.
The gnoll barely misses you. The gnoll hits you but does no damage.
The gnoll sergeant hits you from afar with a +2 spear of venom.
The gnoll closely misses you.
You shoot a sling bullet.
The sling bullet closely misses the gnoll.
The gnoll hits you but does no damage.
The gnoll sergeant hits you from afar with a +2 spear of venom.
The gnoll hits you but does no damage.
You shoot a sling bullet.
The sling bullet closely misses the gnoll.
The gnoll hits you with a +0 whip.
The gnoll sergeant hits you from afar with a +2 spear of venom.
The gnoll hits you with a +0 club.
You shoot a sling bullet. The sling bullet hits the gnoll.
The sling bullet freezes the gnoll.
You kill the gnoll!
The gnoll hits you with a +0 whip. The gnoll sergeant barely misses you.
You shoot a sling bullet. The sling bullet hits the gnoll.
The sling bullet freezes the gnoll.
The gnoll is moderately wounded.
The gnoll closely misses you.
The gnoll sergeant hits you but does no damage.
The gnoll sergeant hits you from afar with a +2 spear of venom.
The gnoll hits you but does no damage.
You shoot a sling bullet.
The sling bullet barely misses the gnoll.
The gnoll hits you with a +0 whip.
The gnoll sergeant hits you from afar with a +2 spear of venom!
You die...

............
...........## .
...........#..
#...........
..#.....!...#
..#..g......###
......))......#
#.....g@# .# >.
#......<##.#...
#.............#
#..............
#......<..##..#
..........# .#
...#.........
..##......#.#..
.. ##.....##..


You could see a gnoll sergeant and a gnoll.

Vanquished Creatures
  A water moccasin (D:5)
  2 ice beasts (D:5)
  2 ogres (D:5)
  A phantom (D:5)
  A hound (D:4)
  A sleepcap (D:5)
  3 gnolls (D:6)
  6 adders
  2 dart slugs
  11 orcs
  9 endoplasms
  2 giant cockroaches (D:1)
  8 hobgoblins
  4 jackals (D:1)
  5 kobolds
  4 quokkas
  11 ball pythons
  5 bats
  3 frilled lizards
  11 goblins
  7 rats
99 creatures vanquished.

Notes
Turn   | Place    | Note
-------+----------+-------------------------------------------
     0 | D:1      | qw the Gargoyle Hexslinger began the quest for the Orb.
     0 | D:1      | Reached XP level 1. HP: 12/12 MP: 2/2
     0 | D:1      | 0 ||| qw: Version: 0.3-a-46-gb1f654a
     0 | D:1      | 0 ||| qw: Game counter: 2034
     0 | D:1      | 0 ||| qw: Melee chars always use a shield: true
     0 | D:1      | 0 ||| qw: God list: Okawaru
     0 | D:1      | 0 ||| qw: Allow faded altars: false
     0 | D:1      | 0 ||| qw: Do Orc after clearing Dungeon:15 true
     0 | D:1      | 0 ||| qw: Do second Lair branch before Depths: true
     0 | D:1      | 0 ||| qw: Lair rune preference: random
     0 | D:1      | 0 ||| qw: Goals: Normal
     0 | D:1      | 0 ||| PLANNING D:1-11
   229 | D:1      | Reached XP level 2. HP: 16/16 MP: 3/3
   259 | D:1      | Reached skill level 3 in Ranged Weapons
   494 | D:1      | Reached XP level 3. HP: 21/21 MP: 4/4
  1073 | D:1      | 1073 ||| UPGRADING to +0 ring mail.
  1083 | D:1      | 1083 ||| DROPPING +0 robe.
  1084 | D:1      | 1084 ||| UPGRADING to +0 pair of gloves.
  1089 | D:1      | 1089 ||| READING scroll labelled OSHRYL IS MOURPH.
  1090 | D:1      | 1090 ||| READING scroll labelled ATOCIBU JOWO.
  1091 | D:1      | 1091 ||| READING scroll labelled INEOTU KADWYO.
  1092 | D:1      | 1092 ||| READING scroll labelled GOBBYIQUBB.
  1093 | D:1      | 1093 ||| DRINKING 2 metallic amethyst potions.
  1094 | D:1      | 1094 ||| DRINKING 2 viscous green potions.
  1095 | D:1      | 1095 ||| DROPPING scroll of poison.
  1096 | D:1      | 1096 ||| DROPPING potion of brilliance.
  1154 | D:2      | Identified the +0 robe "Naoniot" {Int+3}
  1201 | D:2      | Found a faded altar of an unknown god.
  1326 | D:2      | Reached skill level 1 in Armour
  1696 | D:2      | Reached XP level 4. HP: 26/26 MP: 5/5
  1712 | D:2      | Identified the amulet "Hemeargh" {Harm Regen+ Dex+2}
  1864 | D:2      | 1864 ||| DROPPING +0 robe "Naoniot" {Int+3}.
  1865 | D:2      | 1865 ||| READING scroll labelled FAUNGA YCAO.
  1995 | D:3      | Reached skill level 4 in Ranged Weapons
  2372 | D:3      | Reached XP level 5. HP: 30/30 MP: 6/6
  2641 | D:3      | 2641 ||| UPGRADING to ring of resist corrosion.
  2642 | D:3      | 2642 ||| UPGRADING to +4 ring of protection.
  2643 | D:3      | 2643 ||| READING scroll labelled QIQOSABEORCH.
  2644 | D:3      | 2644 ||| READING scroll labelled BIKHLEMPOEWI.
  2668 | D:3      | 2668 ||| DRINKING 3 grey potions.
  2669 | D:3      | 2669 ||| DRINKING 2 red potions.
  2870 | D:4      | Found a burning altar of Makhleb.
  3169 | D:4      | Reached skill level 5 in Ranged Weapons
  3419 | D:4      | 3419 ||| UPGRADING to +0 pair of boots.
  3424 | D:4      | 3424 ||| READING 2 scrolls of identify.
  3424 | D:4      | 3424 ||| IDENTIFYING puce potion
  3425 | D:4      | 3425 ||| DROPPING potion of degeneration.
  3442 | D:5      | Entered Level 5 of the Dungeon
  3490 | D:5      | Noticed an ogre
  3494 | D:5      | Noticed an ice beast
  3495 | D:5      | Killed an ogre
  3496 | D:5      | Reached skill level 3 in Fighting
  3496 | D:5      | Reached XP level 6. HP: 38/38 MP: 7/7
  3512 | D:5      | HP: 5/38 [ice beast (11)]
  3513 | D:5      | 3513 ||| DRINKING potion of heal wounds.
  3521 | D:5      | Killed an ice beast
  3654 | D:5      | Noticed a water moccasin
  3662 | D:5      | Reached skill level 6 in Ranged Weapons
  3674 | D:5      | Killed a water moccasin
  3675 | D:5      | Reached XP level 7. HP: 28/44 MP: 8/8
  4053 | D:5      | Found a white marble altar of Elyvilon.
  4053 | D:5      | Found a shimmering blue altar of Sif Muna.
  4060 | D:5      | Found a hazy altar of Hepliaklqana.
  4062 | D:5      | Found a glowing silver altar of Zin.
  4064 | D:5      | Found a basalt altar of Yredelemnul.
  4117 | D:5      | 4117 ||| READING scroll labelled RYCSAID GUESIS.
  4118 | D:5      | 4118 ||| READING 2 scrolls of identify.
  4118 | D:5      | 4118 ||| IDENTIFYING murky amethyst potion
  4119 | D:5      | 4119 ||| DROPPING potion of invisibility.
  4137 | D:6      | 4137 ||| STAIRDANCE
  4156 | D:5      | Reached skill level 7 in Ranged Weapons
  4202 | D:6      | HP: 9/44 [gnoll/+0 whip[a gnoll sergeant] (4)]
  4204 | D:6      | HP: 3/44 [gnoll/+0 whip[a gnoll sergeant] (4)]
  4204 | D:6      | Mangled by a gnoll sergeant

Levels and vault maps discovered:
D:1:      matt_arrival_refuge, layout_loops_corners,
          chequers_serial_rivers_micro_a
D:2:      layout_loops_ring, hellmonk_ecumenical_altar_run_dry,
          minmay_heptomino_h4
D:3:      layout_basic
D:4:      layout_loops_ring, bloody_makhleb
D:5:      layout_basic, chequers_temple_overflow_minitemple
D:6:      layout_cave_pools, temple_hall, nicolae_shop_gadgets

Skill      XL: |  1  2  3  4  5  6  7 |
---------------+----------------------+-----
Ranged Weapons | 3 4 5 6 7 |  7.2
Fighting       | 2 3 4 |  4.7
Armour         | 1 |  1.6
Dodging        | |  1.5
Spellcasting   | |  1.0
Hexes          | |  2.6

Action                     |  1- 3 |  4- 6 |  7- 9 || total
---------------------------+-------+-------+-------++-------
   Fire: Sling             |   169 |   194 |    67 ||   430
    Use: Scroll            |     4 |     4 |     2 ||    10
         Potion            |     2 |     3 |       ||     5
 Armour: Robe              |    30 |       |       ||    30
         Ring mail         |    30 |    71 |    38 ||   139
  Dodge: Dodged            |    69 |    73 |    27 ||   169

Table legend:
 A = Non-vault XP
 B = Vault XP
 C = Vault XP percentage of total XP
 D = Non-vault monster count
 E = Vault monster count
 F = Vault count percentage of total count
                 A         B        C        D         E       F
            +---------+---------+-------+---------+---------+-------
      Total |    1104 |       4 |   0.4 |      96 |       3 |   3.0
            +---------+---------+-------+---------+---------+-------
        D:1 |      52 |       0 |   0.0 |      30 |       0 |   0.0
        D:2 |      49 |       4 |   7.5 |      16 |       3 |  15.8
        D:3 |      87 |       0 |   0.0 |      25 |       0 |   0.0
        D:4 |      72 |       0 |   0.0 |      14 |       0 |   0.0
        D:5 |     800 |       0 |   0.0 |       8 |       0 |   0.0
        D:6 |      44 |       0 |   0.0 |       3 |       0 |   0.0
            +---------+---------+-------+---------+---------+-------
